Map: Oxide LE

Players

ShaDoWn

  • Race: Protoss Protoss

HeroMarine - Winner!

  • Race: Terran Terran

Event: DreamHack SC2 Masters 2021 Winter

VOD

Have the link to the VOD?

Description

Time

  • Played on: Oct. 6, 2021, 1:14 p.m.
  • Length: 11:38

All games in this series

Show
View Real Time Build Order
Export as new Build Order

ShaDoWn Protoss 

Build Orders: 1 Gate Expand, Blink Stalkers, Colossus Rush 

Get SALT Encoding   

  12  0:00  Probe  
  13  0:12  Probe  
  14  0:18  Pylon  
  14  0:24  Probe (Chrono Boost)  
  15  0:36  Probe (Chrono Boost)  
  15  0:40  Gateway  
  16  0:45  Probe (Chrono Boost)  
  16  0:47  Assimilator  
  17  0:51  Probe  
  18  1:03  Probe  
  19  1:15  Probe  
  20  1:27  Cybernetics Core  
  20  1:28  Zealot  
  22  1:40  Nexus  
  22  1:47  Pylon  
  22  1:50  Probe  
  23  1:56  Assimilator  
  23  2:03  Stalker (Chrono Boost)  
  23  2:07  Probe  
  26  2:19  Probe (Chrono Boost)  
  26  2:31  Warp Gate, Probe (Chrono Boost)  
  27  2:38  Probe (Chrono Boost)  
  27  2:41  Twilight Council  
  28  2:48  Probe (Chrono Boost)  
  29  2:52  Probe (Chrono Boost)  
  29  2:57  Gateway  
  30  3:01  Probe (Chrono Boost)  
  30  3:02  Probe (Chrono Boost)  
  31  3:06  Probe (Chrono Boost)  
  31  3:07  Stalker  
  31  3:12  Probe (Chrono Boost)  
  35  3:13  Blink (Chrono Boost)  
  35  3:18  Probe (Chrono Boost)  
  36  3:27  Probe x2 (Chrono Boost)  
  38  3:33  Probe  
  39  3:34  Probe  
  39  3:37  Robotics Facility  
  40  3:45  Probe  
  40  3:48  Probe  
  42  3:57  Probe  
  42  4:00  Nexus  
  42  4:02  Pylon  
  43  4:08  Probe  
  43  4:09  Probe  
  45  4:20  Stalker x2, Probe  
  45  4:21  Probe  
  51  4:25  Pylon  
  51  4:26  Observer  
  52  4:32  Probe  
  52  4:33  Probe  
  52  4:35  Pylon  
  54  4:44  Probe  
  54  4:46  Probe  
  54  4:48  Stalker, Assimilator  
  54  4:49  Stalker  
  54  4:51  Pylon  
  59  4:53  Assimilator  
  59  4:56  Observer, Probe  
  59  4:58  Probe  
  62  5:09  Probe  
  62  5:10  Probe  
  62  5:11  Robotics Bay  
  62  5:13  Forge  
  62  5:14  Probe  
  65  5:21  Probe  
  66  5:22  Probe  
  66  5:25  Charge  
  66  5:26  Probe  
  68  5:29  Gateway  
  68  5:33  Probe  
  68  5:34  Gateway, Probe  
  70  5:38  Probe  
  71  5:45  Probe  
  71  5:46  Probe, Sentry  
  71  5:48  Shield Battery  
  75  5:50  Probe  
  75  5:54  Colossus (Chrono Boost)  
  76  5:57  Probe  
  76  5:58  Probe  
  76  6:00  Gateway  
  84  6:05  Extended Thermal Lance  
  84  6:06  Probe  
  84  6:07  Observer  
  84  6:10  Stalker, Gateway  
  87  6:13  Observer  
  87  6:14  Probe  
  88  6:20  Probe  
  88  6:22  Probe  
  86  6:27  Pylon  
  88  6:38  Colossus (Chrono Boost)  
  88  6:39  Pylon  
  92  6:46  Zealot x3  
  98  6:50  Stalker  
  98  6:51  Pylon  
  92  7:05  Zealot x2  
  92  7:07  Zealot x3  
  100  7:13  Protoss Ground Weapons Level 1 (Chrono Boost)  
  100  7:14  Colossus (Chrono Boost)  
  100  7:15  Zealot, Pylon  
  106  7:23  Probe  
  106  7:24  Assimilator  
  106  7:26  Assimilator  
  106  7:29  Zealot x4  
  113  7:31  Gateway  
  113  7:33  Gateway  
  113  7:34  Probe  
  114  7:43  Pylon  
  114  7:46  Zealot x2  
  114  7:49  Gateway  
  117  7:52  Probe  
  117  7:53  Colossus (Chrono Boost)  
  118  7:59  Zealot x3  
  118  8:05  Zealot  
  116  8:09  Probe  
  116  8:11  Probe  
  108  8:14  Stalker x2  
  108  8:17  Templar Archives  
  112  8:20  Zealot x3  
  112  8:22  Pylon  
  118  8:29  Zealot x3  
  118  8:31  Photon Cannon  
  124  8:40  Pylon  
  123  8:41  Zealot x5  
  123  8:45  Zealot  
  137  8:52  Pylon  
  137  8:53  Pylon  
  137  8:55  High Templar x3  
  141  8:59  Archon  
  141  9:07  High Templar x2  
  141  9:08  Zealot x2, High Templar  
  149  9:11  Nexus  
  149  9:14  Pylon  
  149  9:15  Archon  
  149  9:17  Zealot  
  149  9:24  Archon  
  151  9:28  Zealot x4  
  159  9:31  Zealot  
  161  9:39  Zealot x2  
  161  9:41  Zealot x2  
  167  9:49  Probe  
  118  10:03  Disruptor (Chrono Boost)  
  118  10:04  Zealot x4  
  118  10:05  Zealot x3  
  125  10:12  Robotics Facility  
  111  10:15  High Templar x2  
  111  10:20  Archon  
  115  10:28  Sentry x3  
  121  10:29  Disruptor (Chrono Boost), High Templar x2  
  121  10:30  Zealot x2  
  121  10:35  Archon  
  128  10:48  Zealot x2  
  132  10:54  Zealot x5  
  100  11:07  Zealot x2  
  110  11:11  Disruptor (Chrono Boost)  
  110  11:12  Zealot x2  
  110  11:17  Zealot x4  
  110  11:18  Zealot  
  108  11:29  Zealot x2  
Show
View Real Time Build Order
Export as new Build Order

HeroMarine Terran - Winner!

Build Orders:  

Get SALT Encoding   

  12  0:00  SCV  
  13  0:12  SCV  
  14  0:17  Supply Depot  
  14  0:24  SCV  
  15  0:39  SCV, Barracks  
  16  0:45  Refinery  
  16  0:51  SCV  
  16  0:55  Refinery  
  17  1:03  SCV  
  18  1:15  SCV  
  19  1:27  Reaper, Orbital Command  
  20  1:37  Supply Depot  
  20  1:45  Factory  
  20  1:53  SCV  
  21  1:59  Reaper  
  22  2:05  SCV  
  23  2:17  SCV  
  24  2:29  SCV, Factory Reactor  
  25  2:35  Command Center  
  25  2:41  SCV  
  26  2:47  Bunker  
  26  2:48  Supply Depot  
  26  2:53  SCV  
  27  2:58  Starport  
  27  3:06  SCV  
  27  3:11  Widow Mine  
  27  3:12  Widow Mine  
  32  3:18  SCV  
  33  3:30  SCV  
  33  3:32  Marine  
  39  3:36  Medivac  
  39  3:40  Widow Mine  
  39  3:44  Refinery  
  39  3:47  Widow Mine, SCV  
  42  3:49  Orbital Command  
  43  3:59  SCV  
  43  4:04  Barracks  
  43  4:09  Starport Tech Lab  
  43  4:11  SCV  
  43  4:15  Supply Depot, SCV  
  43  4:16  Marine x2  
  47  4:18  Factory Tech Lab  
  47  4:23  SCV  
  48  4:27  SCV  
  48  4:28  Raven  
  51  4:34  Marine x2  
  51  4:35  SCV  
  54  4:39  Siege Tank  
  54  4:40  Engineering Bay  
  54  4:41  SCV  
  58  4:48  SCV  
  59  4:53  SCV  
  59  4:54  Barracks  
  59  4:58  Supply Depot  
  61  5:00  SCV  
  61  5:05  SCV, Terran Infantry Weapons Level 1  
  62  5:09  Supply Depot  
  62  5:17  Starport Reactor  
  62  5:18  Stimpack  
  62  5:19  SCV x2, Siege Tank, Marine x3  
  70  5:24  Supply Depot, Refinery  
  70  5:31  SCV x2  
  72  5:37  Marauder, Marine x2  
  72  5:41  Supply Depot  
  76  5:43  SCV x2  
  78  5:54  Medivac x2  
  78  5:55  Marine x2  
  78  5:56  Combat Shield  
  86  5:57  Marauder  
  86  6:02  Factory Tech Lab  
  86  6:03  Marauder, Supply Depot  
  88  6:04  Supply Depot  
  88  6:12  Marine x2  
  86  6:18  Marauder  
  86  6:21  SCV x2  
  86  6:24  Marauder, Siege Tank  
  90  6:29  Medivac  
  90  6:30  Marine x2  
  91  6:34  Medivac  
  91  6:36  Command Center  
  91  6:39  Marauder  
  95  6:45  Marauder  
  97  6:48  Marine x2  
  97  6:49  Supply Depot  
  95  6:56  Siege Tank  
  97  7:05  SCV x2  
  97  7:07  Marauder x2, Marine x2  
  101  7:12  Medivac x2  
  105  7:21  SCV x2  
  104  7:24  Barracks x2  
  104  7:26  Concussive Shells, Marine  
  104  7:27  Marine  
  104  7:28  Marauder  
  104  7:29  Siege Tank  
  111  7:33  SCV x2  
  113  7:38  Supply Depot, Terran Infantry Armor Level 1  
  113  7:41  Marauder  
  115  7:44  Marine x2  
  115  7:47  SCV  
  115  7:48  SCV  
  115  7:50  Marauder  
  121  7:51  Supply Depot  
  115  8:01  SCV x2  
  115  8:02  Marauder  
  110  8:07  Marine x2  
  110  8:11  Marauder  
  103  8:14  Viking x2  
  103  8:16  Siege Tank  
  103  8:17  SCV x2  
  109  8:20  Marine, Orbital Command  
  109  8:21  Marine  
  109  8:23  Marauder  
  111  8:28  Refinery  
  111  8:29  SCV  
  111  8:30  SCV  
  111  8:31  Refinery  
  113  8:36  Marauder  
  113  8:40  Barracks Reactor, Marine x2  
  113  8:41  Barracks Tech Lab, SCV  
  117  8:42  SCV  
  117  8:44  Viking x2  
  117  8:47  Marauder  
  125  8:51  Bunker  
  125  8:53  SCV  
  125  8:55  Supply Depot, SCV x2  
  128  8:57  Marauder  
  128  8:59  Siege Tank  
  128  9:02  Marauder, Marine  
  135  9:03  Marine  
  138  9:11  Marauder  
  138  9:14  Viking  
  138  9:15  Viking  
  145  9:18  Marine  
  145  9:21  Marine  
  145  9:22  Supply Depot  
  145  9:24  Marauder  
  147  9:28  Marine x2  
  149  9:32  Marauder  
  149  9:34  Marine  
  149  9:36  Siege Tank  
  149  9:37  Marauder, Supply Depot  
  157  9:41  Supply Depot  
  157  9:43  Marine  
  157  9:44  Ghost Academy  
  157  9:45  Marauder  
  151  9:55  Marauder  
  151  9:57  SCV  
  151  9:58  SCV  
  151  9:59  SCV, Marine x2  
  146  10:00  Marauder  
  146  10:01  Marine x2  
  146  10:06  Marine  
  151  10:13  Liberator x2  
  154  10:16  Siege Tank, Marine  
  154  10:17  Marine x2  
  154  10:18  Marine  
  154  10:21  Ghost  
  161  10:23  Ghost  
  161  10:24  Marine  
  166  10:34  Ghost  
  166  10:35  Marine x2  
  170  10:36  Marine  
  171  10:43  Marine  
  171  10:49  Ghost  
  172  10:52  Marine, Ghost  
  153  11:01  Medivac x2  
  153  11:02  Ghost  
  146  11:11  Marine x3, Armory  
  146  11:12  Command Center  
  146  11:14  Marine  

Tags
 
Add a new tag
Caveats
  • Supply blocks, unpowered buildings, or Contaminate may cause inaccurate times.
  • Supply counts are checked every 10 seconds.